 Dungeon Crawl Stone Soup version 0.30-a0-576-g89cddaab80 (webtiles) character file.

Game seed: 2492931556273007368

3957 porpoise the Skirmisher (level 10, -2/71 HPs)
             Began as a Human Hunter on Dec 31, 2022.
             Was a Follower of Hepliaklqana.
             Slain by a vampire (3 damage)
             ... on level 8 of the Dungeon.
             The game lasted 00:32:21 (8252 turns).

porpoise the Skirmisher (Human Hunter)              Turns: 8252, Time: 00:32:21

Health: -2/71      AC: 15    Str: 10    XL:     10   Next: 45%
Magic:  13/13      EV: 11    Int:  9    God:    Hepliaklqana [*.....]
Gold:   359        SH:  0    Dex: 25    Spells: 1/9 levels left

rFire   + . .      SeeInvis .    b - +0 dagger (venom)
rCold   . . .      Faith    .    (no shield)
rNeg    . . .      Spirit   .    I - +0 ring mail {rF+}
rPois   +          Reflect  .    (helmet restricted)
rElec   .          Harm     .    i - +0 cloak
rCorr   .          Rampage  .    (no gloves)
Will    .....                    (no boots) Stlth
                                 f - amulet of magic regeneration
HPRegen 0.31/turn                m - +4 ring of protection
MPRegen 0.53/turn                O - +4 ring of protection

@: confused, studying Armour
A: reduced essence, antennae 1, talons 1, agile 1, poison resistance
a: Renounce Religion, Recall Ancestor, Ancestor Identity


You were on level 8 of the Dungeon.
You worshipped Hepliaklqana.
Hepliaklqana was aware of your devotion.
You visited 1 branch of the dungeon, and saw 8 of its levels.
You also visited: Ossuary and Bailey.

You collected 359 gold pieces.

Inventory:

Hand Weapons
 a - a +1 shortbow
 b - a +0 dagger of venom (weapon)
 M - a +3 scimitar
 U - a +0 vampiric short sword
Missiles
 L - 4 boomerangs of dispersal
 N - 2 poisoned darts
 T - 6 boomerangs
Armour
 i - a +0 cloak (worn)
 w - a +1 robe of the Archmagi
 I - a +0 ring mail of fire resistance (worn)
Magical Staves
 t - a staff of death
Jewellery
 f - an amulet of magic regeneration (around neck)
 h - a ring of magical power
 m - a +4 ring of protection (left hand)
 C - a ring of see invisible
 K - a ring of ice
 O - a +4 ring of protection (right hand)
Wands
 z - a wand of mindburst (15)
 A - a wand of digging (7)
 F - a wand of paralysis (14)
 P - a wand of light (9)
Scrolls
 c - 3 scrolls of immolation
 e - 6 scrolls of teleportation
 j - 2 scrolls of enchant armour
 k - a scroll of brand weapon {unknown}
 n - a scroll of blinking {unknown}
 o - a scroll of enchant weapon
 p - a scroll of fog {unknown}
 q - a scroll of noise
 u - a scroll of amnesia
 y - a scroll of magic mapping
 B - a scroll of poison
 H - a scroll of silence {unknown}
Potions
 g - 2 potions of lignification
 l - a potion of resistance
 r - a potion of might {unknown}
 s - a potion of berserk rage {unknown}
 v - 2 potions of heal wounds
 D - 5 potions of mutation
 E - 2 potions of curing
 G - a potion of flight {unknown}
 J - a potion of magic {unknown}
 Q - a potion of invisibility {unknown}
 R - a potion of brilliance {unknown}
 S - a potion of haste


   Skills:
 - Level 7.0 Fighting
 + Level 11.4 Ranged Weapons
 + Level 5.0 Armour
 - Level 2.0 Dodging
 - Level 1.0 Stealth
 + Level 5.2 Invocations


You had one spell level left.
You knew the following spells:

 Your Spells              Type           Power      Damage    Failure   Level
a - Airstrike             Air            0%         2d(0-16)  100%        4
l - Summon Lightning Spi  Summ/Air       0%         N/A       100%        4

Your spell library contained the following spells:

 Spells                   Type           Power      Damage    Failure   Level
 Magic Dart               Conj           0%         1d3       67%         1
 Shock                    Conj/Air       0%         1d3       67%         1
 Call Imp                 Summ           0%         N/A       82%         2
 Mephitic Cloud           Conj/Pois/Air  0%         N/A       96%         3
 Swiftness                Air            0%         N/A       96%         3
 Lightning Bolt           Conj/Air       0%         1d11      100%        5


Dungeon Overview and Level Annotations

Branches:
Dungeon (8/15)             Temple (0/1) D:6         Ossuary (visited)
 Bailey (visited)
   Lair: D:8-11

Altars:
Ashenzari
Elyvilon
Hepliaklqana
Nemelex Xobeh
Sif Muna
Wu Jian
The Shining One

Shops:
D:3 =   D:6 *:


Innate Abilities, Weirdness & Mutations

Your life essence is reduced to manifest your ancestor. (-10% HP)
You have a pair of small antennae on your head.
You have sharp toenails.
You are agile. (Dex +4, Str/Int -1)
Your system is resistant to poisons. (rPois)


Message History

You are confused.
Your +0 dagger of venom begins to drip with poison!
b - a +0 dagger of venom (weapon)
You hit something. You claw something. Something hits you but does no damage.
Something bites you.
Something draws strength from your injuries!
You hear some strange, mumbled words.
You are more confused.
You completely miss something. Your kick misses something. Something hits you.
* * * LOW HITPOINT WARNING * * *
Something bites you.
* * * LOW HITPOINT WARNING * * *
Something draws strength from your injuries!
You closely miss something. Something hits you!
* * * LOW HITPOINT WARNING * * *
Something bites you.
* * * LOW HITPOINT WARNING * * *
Something draws strength from your injuries!
Something hits you but does no damage. Something bites you but does no damage.
Something hits you.
* * * LOW HITPOINT WARNING * * *
Something bites you but does no damage.
You bump into the rock wall.
The centaur warrior shoots an arrow.
Something hits you.
* * * LOW HITPOINT WARNING * * *
Something bites you but does no damage.
You closely miss something. Your kick misses something.
The centaur warrior shoots an arrow.
Something hits you but does no damage. Something completely misses you.
The centaur warrior shoots an arrow.
The arrow closely misses you.
You bump into the rock wall.
You hear some strange, mumbled words.
Something tries to affect you, but you resist.
You barely miss something. You claw something.
The centaur warrior shoots an arrow.
The arrow hits you.
* * * LOW HITPOINT WARNING * * *
Something hits you.
* * * LOW HITPOINT WARNING * * *
Something bites you.
You die...

*,*,,,....###### #..* #.#.
*,*,,,.))).....# *#.####.#.
*,*,,,.........# #......#.
*,***,..$.c....# ###...... ,,*
*,.........##### #...... ,,*
*,......)..#...###### #......
,,***,.........#........#
#......
,***,,.......).{..≈≈~≈≈.#
#...... ,*
*,,.........#@.≈...≈.###.##.#.
,*
*,,..#########.~>∩.~.##).##.#.
,* ***#** #.≈...≈....##*.## ,*
***********#.≈≈~≈≈...## *.#,
,* *,,,,,,,,............# *,*,
,* *,*******############# *,*,
** *,* *,*,
******,************* *,*,
,,,,,,,,,,,,,,,,,,,* *,,,


You could see a centaur warrior.

Vanquished Creatures
  Grinder (D:4)
  Prince Ribbit (D:5)
  Sigmund (D:5)
  Eustachio (D:4)
  A wyvern (D:7)
  Edmund (D:4)
  2 orc warriors
  A sky beast (D:7)
  2 ogres
  A centaur (D:7)
  3 phantoms (D:4)
  Blork the orc (D:4)
  3 bullfrogs
  A kobold brigand (D:7)
  3 necrophages
  3 scorpions
  5 wights
  A howler monkey (D:5)
  3 centaur zombies (Ossuary)
  5 hounds
  3 jellies
  3 orc priests
  A gnoll bouda (D:6)
  4 iguanas
  Natasha (thrice) (D:2)
  3 orc wizards
  3 mummies (Ossuary)
  Robin (D:3)
  17 gnolls
  6 adders
  2 shadow imps
  3 white imps
  2 ufetubi (D:5)
  A worm (D:3)
  3 dart slugs
  28 orcs
  5 endoplasms
  A giant cockroach (D:2)
  19 goblins
  6 hobgoblins
  13 kobolds
  2 quokkas
  8 ball pythons
  3 bats
  2 frilled lizards (D:1)
  3 hobgoblin zombies (Ossuary)
  A spectral kobold (D:5)
186 creatures vanquished.

Vanquished Creatures (collateral kills)
  An orc wizard (D:7)
  3 mummies (Ossuary)
  A gnoll (Bailey)
  A white imp (D:7)
  An orc (D:8)
  2 goblins (D:8)
9 creatures vanquished.

Vanquished Creatures (others)
  A kobold brigand (D:8)
  3 ancestors
  An orc (D:7)
5 creatures vanquished.

Grand Total: 200 creatures vanquished

Notes
Turn   | Place    | Note
-------+----------+-------------------------------------------
     0 | D:1      | porpoise the Human Hunter began the quest for the Orb.
     0 | D:1      | Reached XP level 1. HP: 16/16 MP: 1/1
    85 | D:1      | Reached XP level 2. HP: 13/22 MP: 2/2
   582 | D:1      | Found a white marble altar of Elyvilon.
   652 | D:2      | Reached XP level 3. HP: 28/28 MP: 3/3
   820 | D:2      | Noticed Natasha
   832 | D:2      | Killed Natasha
   833 | D:2      | Reached skill level 5 in Ranged Weapons
   833 | D:2      | Reached XP level 4. HP: 14/34 MP: 4/4
   958 | D:2      | Found a faded altar of an unknown god.
  1103 | D:2      | Noticed Natasha
  1108 | D:2      | Killed Natasha
  1400 | D:2      | Noticed Natasha
  1409 | D:2      | Killed Natasha
  1410 | D:2      | Reached XP level 5. HP: 36/41 MP: 5/5
  1977 | D:3      | Found Kajipoi's Jewellery Shop.
  2079 | D:3      | Noticed Robin
  2093 | D:3      | Reached skill level 6 in Ranged Weapons
  2096 | D:3      | Killed Robin
  2097 | D:3      | Reached XP level 6. HP: 47/47 MP: 6/6
  2754 | D:4      | Noticed Grinder
  2778 | D:4      | Killed Grinder
  2779 | D:4      | Reached skill level 7 in Ranged Weapons
  2779 | D:4      | Reached XP level 7. HP: 32/55 MP: 7/7
  2891 | D:4      | Noticed Eustachio
  2910 | D:4      | Killed Eustachio
  3122 | D:4      | Noticed Blork the orc
  3131 | D:4      | Gained mutation: You are agile. (Dex +4, Str/Int -1)
                  | [potion of mutation]
  3131 | D:4      | Gained mutation: You are resistant to electric shocks.
                  | (rElec) [potion of mutation]
  3131 | D:4      | Gained mutation: You have hidden genetic defects. [potion
                  | of mutation]
  3131 | D:4      | Gained mutation: You are very agile. (Dex +8, Str/Int -2)
                  | [potion of mutation]
  3132 | D:4      | Killed Blork the orc
  3133 | D:4      | Reached skill level 5 in Fighting
  3133 | D:4      | Reached XP level 8. HP: 21/62 MP: 8/8
  3396 | D:4      | Reached skill level 8 in Ranged Weapons
  3406 | D:4      | Gained mutation: You are occasionally teleported next to
                  | monsters. [hidden defects]
  3408 | D:4      | Lost mutation: You are very agile. (Dex +8, Str/Int -2)
                  | [potion of mutation]
  3408 | D:4      | Lost mutation: You are resistant to electric shocks.
                  | (rElec) [potion of mutation]
  3408 | D:4      | Lost mutation: You have hidden genetic defects. [potion of
                  | mutation]
  3408 | D:4      | Gained mutation: Your spells are a little harder to cast,
                  | but a little more powerful. [potion of mutation]
  3408 | D:4      | Gained mutation: Your system is resistant to poisons.
                  | (rPois) [potion of mutation]
  3408 | D:4      | Gained mutation: You possess an exceptional clarity of
                  | mind. [potion of mutation]
  3408 | D:4      | Gained mutation: You are partially covered in iridescent
                  | scales. (AC +2) [potion of mutation]
  3409 | D:4      | Lost mutation: You are occasionally teleported next to
                  | monsters. [potion of mutation]
  3409 | D:4      | Lost mutation: You possess an exceptional clarity of mind.
                  | [potion of mutation]
  3409 | D:4      | Lost mutation: You are partially covered in iridescent
                  | scales. (AC +2) [potion of mutation]
  3409 | D:4      | Gained mutation: You have a pair of small antennae on your
                  | head. [potion of mutation]
  3409 | D:4      | Gained mutation: You have sharp toenails. [potion of
                  | mutation]
  3409 | D:4      | Lost mutation: Your spells are a little harder to cast, but
                  | a little more powerful. [potion of mutation]
  3741 | D:4      | Found an ornate altar of the Wu Jian Council.
  4202 | D:5      | Entered Level 5 of the Dungeon
  4206 | D:5      | Noticed Edmund
  4231 | D:4      | Killed Edmund
  4490 | D:4      | Reached skill level 9 in Ranged Weapons
  4786 | D:5      | Reached XP level 9. HP: 65/69 MP: 9/9
  4821 | D:5      | Found a shimmering blue altar of Sif Muna.
  4846 | D:5      | Found a glowing golden altar of the Shining One.
  4857 | D:5      | Noticed Prince Ribbit
  4864 | D:5      | Killed Prince Ribbit
  4964 | D:5      | Reached skill level 10 in Ranged Weapons
  5067 | D:5      | Found a broken altar of Ashenzari.
  5176 | D:5      | Found a hazy altar of Hepliaklqana.
  5187 | D:5      | Became a worshipper of Hepliaklqana the Forgotten
  5220 | D:5      | Noticed Sigmund
  5226 | D:5      | Killed Sigmund
  5515 | D:6      | Found Kaor's Book Boutique.
  5642 | D:5      | Reached skill level 1 in Invocations
  5780 | D:6      | Reached skill level 1 in Armour
  5980 | D:6      | Found Kistrebb's General Store.
  6194 | D:6      | Found a staircase to the Ecumenical Temple.
  6750 | D:7      | Found a sparkling altar of Nemelex Xobeh.
  6770 | D:7      | Reached XP level 10. HP: 63/79 MP: 12/12
  6872 | D:7      | Reached skill level 11 in Ranged Weapons
  7003 | D:7      | Reached * piety under Hepliaklqana
  7543 | D:7      | Learned a level 4 spell: Airstrike
  7548 | D:7      | Learned a level 4 spell: Summon Lightning Spire
  7762 | D:8      | Found a sand-covered staircase.
  7766 | Ossuary  | Entered an ossuary
  7774 | Ossuary  | Reached skill level 5 in Invocations
  7912 | D:8      | Found a flagged portal.
  7923 | Bailey   | Entered a bailey
  7973 | Bailey   | Noticed an orc knight
  7988 | Bailey   | HP: 3/71 [orc knight/+4 war axe (10)]
  8223 | D:8      | Noticed a centaur warrior
  8236 | D:8      | Reached skill level 5 in Armour
  8238 | D:8      | HP: 1/71 [something (10)]
  8252 | D:8      | HP: 2/71 [centaur warrior/arrow (3)]
  8252 | D:8      | Slain by a vampire

Illustrated notes

Levels and vault maps discovered:
D:1:      dpeg_arrival_water_altar, layout_basic, wad_floor_pattern_untrapped,
          minivault_19
D:2:      layout_loops_corners, basic_ecumenical_altar, minmay_pentomino_r2,
          uniq_natasha
D:3:      layout_basic, serial_shops, shop, uniq_robin
D:4:      layout_loops_corners, kennysheep_little_box, serial_rivers,
          chequers_serial_rivers_small_b, chequers_serial_rivers_room_a,
          chequers_serial_rivers_small_a, chequers_serial_rivers_marsh,
          chequers_serial_rivers_marsh, kennysheep_generic_room_11,
          uniq_blork_the_orc, uniq_eustachio, uniq_grinder
D:5:      layout_basic, ashenzari_conservatory_becter,
          nicolae_hepliaklqana_monster_ancestors, mainiacjoe_overflow_alcove_4,
          general_overflow_altar, st_stairs_11, uniq_prince_ribbit1,
          uniq_edmund, uniq_sigmund
D:6:      layout_cave_pods, minmay_temple_entry_mini_moons, serial_shops,
          nicolae_shop_statue_plus, shop
D:7:      layout_rooms, mainiacjoe_overflow_catwalk, minmay_manual_mail
D:8:      minmay_bloctagon_deflated, layout_basic, enter_ossuary_5,
          enter_bailey_5, biasface_ghost_orc_armoury

Skill      XL: |  1  2  3  4  5  6  7  8  9 10 |
---------------+-------------------------------+-----
Ranged Weapons | 5 6 7 9 10 11 | 11.4
Fighting       | 3 4 5 6 7 |  7.0
Invocations    | 3 5 |  5.2
Armour         | 3 5 |  5.0
Dodging        | |  2.0
Stealth        | |  1.0

Action                   |  1- 3 |  4- 6 |  7- 9 | 10-12 || total
-------------------------+-------+-------+-------+-------++-------
Melee: Short sword       |       |       |     7 |       ||     7
       Kick              |       |       |     1 |     7 ||     8
       Dagger            |       |       |       |    18 ||    18
 Fire: Shortbow          |    36 |   159 |   359 |   159 ||   713
Invok: Recall Ancestor   |       |       |       |     1 ||     1
       Ancestor Identity |       |       |       |     1 ||     1
  Use: Scroll            |       |     1 |    11 |     6 ||    18
       Potion            |       |       |     5 |     5 ||    10
Armor: Ring mail         |     5 |    52 |    74 |    38 ||   169
Dodge: Dodged            |    13 |    44 |    97 |    62 ||   216

Table legend: (Time is in decaauts)
 A = Elapsed time spent in this place.
 B = Non-inter-level travel time spent in this place.
 C = Inter-level travel time spent in this place.
 D = Time resting spent in this place.
 E = Time spent auto-exploring this place.
 F = Levels seen in this place.
 G = Mean time per level.
                   A        B        C        D        E       F      G
               +--------+--------+--------+--------+--------+-----+--------+
         Total |   8399 |   7913 |    486 |   2503 |   3702 |  10 |  839.9 |
       Dungeon |   8243 |   7757 |    486 |   2503 |   3702 |   8 | 1030.4 |
       Ossuary |     78 |     78 |      0 |      0 |      0 |   1 |   78.0 |
        Bailey |     78 |     78 |      0 |      0 |      0 |   1 |   78.0 |
               +--------+--------+--------+--------+--------+-----+--------+

Top non-repeatable levels by time:
     D:4: 1966 daAuts
     D:6: 1131 daAuts
     D:5: 1089 daAuts
     D:2: 1024 daAuts
     D:3: 1022 daAuts
     D:7: 989 daAuts
     D:1: 660 daAuts
     D:8: 359 daAuts
 Ossuary: 78 daAuts
  Bailey: 78 daAuts
